 Dungeon Crawl Stone Soup version 0.30-a0-600-gb7c8574cbb (webtiles) character file.

Game seed: 14462969195999732560

1048 M4edhros the Trooper (level 8, -16/56 HPs)
             Began as an Octopode Fighter on Jan 7, 2023.
             Demolished by a gargoyle
             ... wielding a +0 flail
              (21 damage)
             ... on level 5 of the Dungeon.
             The game lasted 00:05:09 (3748 turns).

M4edhros the Trooper (Octopode Fighter)             Turns: 3748, Time: 00:05:10

Health: -16/56     AC:  1    Str: 16    XL:     8   Next: 25%
Magic:  8/8        EV: 14    Int: 10    God:
Gold:   166        SH:  5    Dex: 13    Spells: 7/7 levels left

rFire   + . .      SeeInvis .    a - +0 trident
rCold   x . .      Faith    .    b - +0 buckler
rNeg    . . .      Spirit   .    (helmet restricted)
rPois   .          Reflect  .    q - amulet of magic regeneration
rElec   .          Harm     .    i - ring of fire
rCorr   .          Rampage  .    (no ring)
Will    .....                    (no ring)
Stlth   ++                       (no ring)
HPRegen 0.29/turn                (no ring)
MPRegen 0.51/turn                (no ring)
                                 (no ring)
                                 (no ring)

@: mighty
A: almost no armour, amphibious, 8 rings, camouflage 1, gelatinous body 1,
(nimble swimmer 1), tentacles
a: no special abilities


You were on level 5 of the Dungeon.
You visited 1 branch of the dungeon, and saw 5 of its levels.
You also visited: Sewer.

You collected 166 gold pieces.

Inventory:

Hand Weapons
 a - a +0 trident (weapon)
Missiles
 z - 10 poisoned darts (quivered)
Armour
 b - a +0 buckler (worn)
Jewellery
 i - a ring of fire (left tentacle)
 q - an amulet of magic regeneration (around mantle)
Wands
 j - a wand of flame (21)
 A - a wand of iceblast (5)
Scrolls
 d - 2 scrolls of amnesia {unknown}
 f - 9 scrolls of identify {unknown}
 k - 2 scrolls of teleportation {unknown}
 m - 2 scrolls of blinking {unknown}
 p - 3 scrolls of fear {unknown}
 r - a scroll of poison {unknown}
 w - a scroll of summoning {unknown}
 x - a scroll of vulnerability {unknown}
 y - a scroll of immolation {unknown}
 B - 3 scrolls of acquirement {unknown}
Potions
 e - 2 potions of ambrosia {unknown}
 g - a potion of brilliance {unknown}
 h - a potion of cancellation {unknown}
 l - 4 potions of curing {unknown}
 n - a potion of flight {unknown}
 o - a potion of magic {unknown}
 s - a potion of lignification {unknown}
 u - 2 potions of haste {unknown}
 v - a potion of berserk rage {unknown}


   Skills:
 + Level 5.5 Fighting
 + Level 5.0 Polearms
 + Level 5.5 Dodging
 + Level 5.5 Shields


You had 7 spell levels left.
You didn't know any spells.
Your spell library contained the following spells:

 Spells                   Type           Power      Damage    Failure   Level
 Freeze                   Ice            0%         1d3       43%         1
 Frozen Ramparts          Ice            0%         1d1       82%         3
 Hailstorm                Conj/Ice       0%         3d3       82%         3


Dungeon Overview and Level Annotations

Branches:
Dungeon (5/15)              Sewer (visited)
 Temple: D:4-7

Altars:
Okawaru

Shops:
D:3 [


Innate Abilities, Weirdness & Mutations

You cannot wear most types of armour.
You are amphibious.
You can wear up to eight rings at the same time.
Your skin changes colour to match your surroundings (Stealth+).
Your rubbery body absorbs attacks. (AC +1, EV +1)
((You are camouflaged when in or above water. (Stealth+)))
You have tentacles for arms and can constrict up to eight enemies at once.


Message History

No target in view!
You open the door.
A dart slug comes into view.
A dart slug is nearby!
You reach to attack!
The helpless dart slug fails to defend itself.
You puncture the dart slug!
The dart slug is severely wounded.
A dart slug is nearby!
You hit the dart slug. You grab the dart slug.
The dart slug is almost dead.
You constrict the dart slug.
You kill the dart slug!
There is an open door here.
You open the door.
There is an open door here.
A gargoyle comes into view. It is wielding a +0 flail.
A gargoyle is nearby!
A gnoll bouda and a scorpion come into view.
Found a spear.
You barely miss the gargoyle. Your grab misses the gargoyle.
The gargoyle hits you with a +0 flail!
You puncture the gargoyle! You grab the gargoyle.
You tentacle-slap the gargoyle. You squeeze the gargoyle!
The gargoyle is almost destroyed.
You constrict the gargoyle, but do no damage.
You block the gargoyle's attack.
You hit the gargoyle but do no damage.
The gargoyle is almost destroyed.
You constrict the gargoyle. The gargoyle hits you with a +0 flail!
You completely miss the gargoyle.
The gargoyle is almost destroyed.
You constrict the gargoyle, but do no damage.
The gargoyle hurls a stone arrow at you.
The stone arrow hits you!!
* * * LOW HITPOINT WARNING * * *
You feel very mighty all of a sudden.
You constrict the gargoyle, but do no damage.
The gargoyle hits you with a +0 flail!!
You die...

#... ).s #. g.. ..
#.. .. ..⌠ #..###.###
#.## #........##...#
#......9.#.....
+......@....#
#........#.....
#........# ..#
#.....###+###..###.##
#.....#...###........
#.....#...#..........
#.....#...#..........
+.....#...#..........
#.....#...'..........


You could see a gargoyle, a gnoll bouda and a scorpion (asleep).

Vanquished Creatures
  Sigmund (D:2)
  An ogre (D:4)
  A centaur (D:5)
  A kobold brigand (Sewer)
  2 scorpions (D:4)
  A howler monkey (D:4)
  A quasit (D:4)
  3 jellies
  Crazy Yiuf (D:3)
  An iguana (D:4)
  9 adders
  3 gnolls (D:2)
  3 river rats
  3 shadow imps
  4 white imps (D:4)
  2 ufetubi (D:4)
  6 worms
  4 dart slugs
  4 orcs
  14 ball pythons
  3 endoplasms
  2 giant cockroaches (D:1)
  13 goblins
  6 hobgoblins
  16 kobolds
  7 quokkas
  5 bats
  11 frilled lizards
  5 rats
133 creatures vanquished.

Vanquished Creatures (others)
  15 demonic plants (D:4)
15 creatures vanquished.

Grand Total: 148 creatures vanquished

Notes
Turn   | Place    | Note
-------+----------+-------------------------------------------
     0 | D:1      | M4edhros the Octopode Fighter began the quest for the Orb.
     0 | D:1      | Reached XP level 1. HP: 16/16 MP: 1/1
    84 | D:1      | Reached XP level 2. HP: 17/21 MP: 2/2
   241 | D:1      | Found a faded altar of an unknown god.
   271 | D:1      | Reached XP level 3. HP: 26/26 MP: 3/3
   930 | D:2      | Reached XP level 4. HP: 31/31 MP: 4/4
  1005 | D:2      | Noticed Sigmund
  1012 | D:2      | Killed Sigmund
  1013 | D:2      | Reached XP level 5. HP: 28/37 MP: 5/5
  1013 | D:2      | Reached XP level 6. HP: 33/43 MP: 6/6
  1741 | D:3      | Found Byuwun's Armour Boutique.
  1828 | D:3      | Found a glowing drain.
  1835 | Sewer    | Entered a sewer
  2092 | Sewer    | Reached XP level 7. HP: 49/49 MP: 7/7
  2181 | D:3      | Found the +5 robe of Misfortune {Harm *Corrode *Slow EV+5}
  2233 | D:3      | Found a runed translucent door.
  2234 | D:3      | Noticed Crazy Yiuf
  2278 | D:3      | Found an iron altar of Okawaru.
  2536 | D:3      | Killed Crazy Yiuf
  2675 | D:4      | HP: 2/49 [white imp/puff of frost (15)]
  3097 | D:4      | Reached skill level 5 in Fighting
  3097 | D:4      | Reached skill level 5 in Dodging
  3171 | D:4      | Reached skill level 5 in Shields
  3408 | D:4      | Reached XP level 8. HP: 31/55 MP: 8/8
  3598 | D:5      | Entered Level 5 of the Dungeon
  3677 | D:5      | Reached skill level 5 in Polearms
  3740 | D:5      | Noticed a gargoyle
  3748 | D:5      | Demolished by a gargoyle

Illustrated notes

Levels and vault maps discovered:
D:1:      dpeg_arrival_solitude, layout_loops_ring,
          ebering_ecumenical_altar_sacrificial, minmay_crystal_room,
          minmay_curled_crystal, hangedman_decor_push,
          minmay_misc_feat_secret_circle, minmay_misc_feat_pillars
D:2:      layout_loops_ring, minmay_lizard_pond, uniq_sigmund
D:3:      layout_basic, kennysheep_okawaru_gauntlet, portal_sewer_entry_b,
          serial_shops, shop, kennysheep_minor_cross, uniq_crazy_yiuf_cottage
D:4:      layout_loops_ring, serial_demonic, serial_demonic_g, serial_demonic_g,
          serial_demonic_a, serial_demonic_f, serial_demonic_g,
          serial_demonic_c, minmay_misc_feat_tower, kennysheep_generic_room_8
D:5:      layout_gridville, minmay_temple_entry_overgrown,
          minmay_chambers_of_fives, uniq_blork_the_orc

Skill      XL: |  1  2  3  4  5  6  7  8 |
---------------+-------------------------+-----
Fighting       | 4 5 |  5.5
Polearms       | 3 4 5 |  5.0
Dodging        | 4 5 |  5.5
Shields        | 4 5 |  5.5

Action                   |  1- 3 |  4- 6 |  7- 9 || total
-------------------------+-------+-------+-------++-------
Melee: Trident           |    65 |   128 |   110 ||   303
       Constrict         |    12 |    34 |    19 ||    65
       Tentacles         |     8 |    28 |    30 ||    66
       Punch             |       |       |     2 ||     2
  Use: Potion            |       |       |     5 ||     5
 Stab: Sleeping          |     8 |    11 |    10 ||    29
       Distracted        |     1 |       |     1 ||     2
Armor: Skin              |     3 |     3 |     4 ||    10
Dodge: Dodged            |    19 |    62 |    61 ||   142
Block: Buckler           |     6 |    14 |    21 ||    41

Table legend: (Time is in decaauts)
 A = Elapsed time spent in this place.
 B = Non-inter-level travel time spent in this place.
 C = Inter-level travel time spent in this place.
 D = Time resting spent in this place.
 E = Time spent auto-exploring this place.
 F = Levels seen in this place.
 G = Mean time per level.
                   A        B        C        D        E       F      G
               +--------+--------+--------+--------+--------+-----+--------+
         Total |   3794 |   3681 |    113 |    235 |   2567 |   6 |  632.3 |
       Dungeon |   3494 |   3381 |    113 |    235 |   2413 |   5 |  698.8 |
         Sewer |    299 |    299 |      0 |      0 |    154 |   1 |  299.0 |
               +--------+--------+--------+--------+--------+-----+--------+

Top non-repeatable levels by time:
     D:4: 1040 daAuts
     D:2: 853 daAuts
     D:1: 786 daAuts
     D:3: 663 daAuts
   Sewer: 299 daAuts
     D:5: 151 daAuts
